 Dungeon Crawl Stone Soup version 0.31.0-11-ge490571c62 (webtiles) character file.

Game seed: 13877396526683171922

88 RancidPinata the Sneak (level 4, -1/33 HPs)
             Began as an Octopode Delver on Feb 2, 2024.
             Slain by a wight
             ... wielding a +5 long sword
              (12 damage)
             ... on level 6 of the Dungeon.
             The game lasted 00:04:55 (528 turns).

RancidPinata the Sneak (Octopode Delver)             Turns: 528, Time: 00:04:55

Health: -1/33      AC:  1    Str: 11    XL:     4   Next: 54%
Magic:  4/4        EV: 14    Int: 12    God:
Gold:   24         SH:  0    Dex: 15    Spells: 3/3 levels left

rFire   . . .        a - +0 short sword
rCold   . . .        (no shield)
rNeg    . . .        (helmet restricted)
rPois   +            (no amulet)
rElec   .            h - ring of poison resistance
rCorr   .            (no ring)
SInv    .            (no ring)
Will    .....        (no ring)
Stlth   +++++        (no ring)
HPRegen 0.25/turn    (no ring)
MPRegen 0.09/turn    (no ring)
                     (no ring)

%: no passive effects
@: hasted, very quick
A: almost no armour, amphibious, 8 rings, camouflage 1, gelatinous body 1,
(nimble swimmer 1), tentacles
a: no special abilities


You were on level 6 of the Dungeon.
You visited 1 branch of the dungeon, and saw 3 of its levels.

You collected 24 gold pieces.

Inventory:

Hand Weapons
 a - a +0 short sword (weapon)
Missiles
 g - 6 poisoned darts (quivered)
Jewellery
 h - a ring of poison resistance (left tentacle)
Wands
 f - a wand of digging (3)
Scrolls
 b - a scroll of fog
 c - a scroll of revelation
 d - a scroll of fear
 i - 2 scrolls of teleportation {unknown}


   Skills:
 * Level 3.7 Fighting
 + Level 2.6 Short Blades
 * Level 2.9 Dodging
 * Level 7.3 Stealth


You had 3 spell levels left.
You didn't know any spells.
Your spell library was empty.

Dungeon Overview and Level Annotations

Branches:
Dungeon (7/15)
 Temple: D:4-7

Altars:
Ashenzari

Annotations:
D:6 Duvessa, Jeremiah


Innate Abilities, Weirdness & Mutations

You cannot wear most types of armour.
You are amphibious.
You can wear up to eight rings at the same time.
Your skin changes colour to match your surroundings (Stealth+).
Your rubbery body absorbs attacks. (AC +1, EV +1)
((You are camouflaged when in or above water. (Stealth+)))
You have tentacles for arms and can constrict up to eight enemies at once.


Message History

You kill the iguana!
You start resting.
HP restored.
You climb downwards.
Level annotation: Jeremiah
There is a stone staircase leading up here.
Duvessa, Sister of Dowan comes into view.
She is wielding a +0 short sword.
There is a stone staircase leading up here.
A wight comes into view. It is wielding a +3 scimitar.
Found a dented jade amulet.
A wight, a hound and a bombardier beetle come into view.
A wight comes into view. It is wielding a +0 falchion.
There is a stone staircase leading down here.
You climb downwards.
Found 20 gold pieces.
There is a stone staircase leading up here.
A phantom comes into view.
Found a shortbow.
There is a stone staircase leading up here.
You climb upwards.
Level annotation: Duvessa, Jeremiah The wight barely misses you.
The wight hits you with a +5 long sword!
There is a stone staircase leading down, spattered with blood here.
You hit the wight but do no damage. Your grab misses the wight.
Your squeeze misses the wight.
The wight hits you with a +5 long sword.
The wight misses you.
The wight hits you with a +5 long sword!
* * * LOW HITPOINT WARNING * * *
There is a stone staircase leading up here.
You feel yourself speed up. The wight completely misses you.
You closely miss the wight. You grab the wight. You squeeze the wight.
The wight is lightly damaged.
You constrict the wight. You hit the wight.
The wight is moderately damaged.
You constrict the wight, but do no damage.
The wight hits you with a +5 long sword!
You die...

#..## .# #... ### #...#
.##.... #.. #...#
....... #.#
#...###......e #.#
#..........?.. ######.#
#.............
#......###...##........
##.......z@.............
#..............#........
#####...#####...........
###.....#...........
#..............#.#
#.................
#...........######
#...........#
##.z.......##


You could see a wight.

Vanquished Creatures
  An iguana (D:5)
  3 adders (D:5)
  6 ufetubi (D:5)
  An orc (D:5)
11 creatures vanquished.

Notes
Turn   | Place    | Note
-------+----------+-------------------------------------------
     0 | D:5      | RancidPinata the Octopode Delver began the quest for the
                  | Orb.
     0 | D:5      | Reached XP level 1. HP: 16/16 MP: 1/1
     3 | D:6      | Noticed Jeremiah
     3 | D:6      | Noticed an iguana
    94 | D:6      | Noticed an ogre
   119 | D:5      | Reached XP level 2. HP: 21/21 MP: 2/2
   178 | D:5      | Reached skill level 7 in Stealth
   178 | D:5      | Reached XP level 3. HP: 26/26 MP: 3/3
   213 | D:5      | Found a broken altar of Ashenzari.
   351 | D:5      | Reached XP level 4. HP: 31/31 MP: 4/4
   481 | D:6      | Noticed Duvessa
   506 | D:7      | Noticed a phantom
   528 | D:6      | Slain by a wight

Illustrated notes

Levels and vault maps discovered:
D:5:      layout_loops_corners, evilmike_ruin_ashenzari,
          yredelemnul_forgotten_temple_becter
D:6:      layout_rooms, nicolae_uskayaw_dance_studio, fedhas_altar_2,
          temple_green, uniq_duvessa, uniq_jeremiah
D:7:      layout_loops_ring, lemuel_tele_altar, grunt_ministairs_7

Skill      XL: |  1  2 |
---------------+-------+-----
Stealth        | 7 |  7.3
Fighting       | |  3.7
Short Blades   | |  2.6
Dodging        | |  2.9

Action                     |  1- 3 |  4- 6 || total
---------------------------+-------+-------++-------
  Melee: Short sword       |    21 |     7 ||    28
         Constrict         |     2 |     2 ||     4
         Tentacles         |     2 |     2 ||     4
    Use: Potion            |       |     1 ||     1
   Stab: Sleeping          |     7 |       ||     7
         Distracted        |     1 |       ||     1
 Armour: Skin              |    12 |     6 ||    18
  Dodge: Dodged            |    12 |     5 ||    17
